 Dungeon Crawl Stone Soup version 0.21.1-1-g345015fe64 (webtiles) character file.

5026 Dracia the Basher (level 10, -16/68 HPs)
             Began as a Gargoyle Fighter on May 10, 2018.
             Was an Elder of Okawaru.
             Demolished by a two-headed ogre
             ... wielding a +0 giant club
              (19 damage)
             ... on level 9 of the Dungeon.
             The game lasted 00:19:01 (12327 turns).

Dracia the Basher (Gargoyle Fighter)               Turns: 12327, Time: 00:19:01

Health: -16/68     AC: 16    Str: 19 (20) XL:     10   Next: 55%
Magic:  0/11       EV:  8    Int:  8 (9)  God:    Okawaru [****..]
Gold:   499        SH:  9    Dex: 14      Spells: 9/9 levels left

rFire    + . .     SeeInvis +   m - +0 whip (venom)
rCold    . . .     Gourm    .   c - +0 shield
rNeg     + . .     Faith    .   l - +1 ring mail {rF+}
rPois    ∞         Spirit   +   q - +1 helmet
rElec    +         Reflect  .   o - -1 cloak
rCorr    .         Harm     .   (no gloves)
MR       .....                  (no boots)
Stlth    ..........             n - amulet of guardian spirit
HPRegen  0.21/turn              y - ring of loudness (curse)
MPRegen  0.12/turn              s - ring of see invisible

@: about to teleport, hasted, very quick
A: agile 1, deterioration 1, negative energy resistance 1, screaming 1,
electricity resistance, wild magic 1, unbreathing, petrification resistance, rot
immunity, AC +7
a: Heroism, Renounce Religion


You were on level 9 of the Dungeon.
You worshipped Okawaru.
Okawaru was greatly pleased with you.
You were not hungry.

You visited 2 branches of the dungeon, and saw 10 of its levels.

You collected 499 gold pieces.


Innate Abilities, Weirdness & Mutations

You are resistant to torment.
Your stone body is resilient. (AC +7)
You are immune to poison.
You resist negative energy. (rN+)
You are resistant to electric shocks. (rElec)
You can survive without breathing.
You are immune to petrification.
You are immune to rotting.
You are agile. (Dex +2)
Your body sometimes deteriorates upon taking damage.
You occasionally shout uncontrollably at your foes.
Your spells are a little harder to cast, but a little more powerful.


   Skills:
 + Level 10.1 Fighting
 * Level 12.2 Maces & Flails
 - Level 3.2 Armour
 - Level 3.2 Shields
 + Level 2.1 Invocations


You had 9 spell levels left.
You didn't know any spells.

Inventory:

Hand Weapons
 a - a +0 flail
 h - a +0 whip
 m - a +0 whip of venom (weapon)
Armour
 b - a +0 scale mail
 c - a +0 shield (worn)
 l - a +1 ring mail of fire resistance (worn)
 o - a -1 cloak (worn)
 q - a +1 helmet (worn)
 A - a +0 hat
Magical Staves
 w - an uncursed staff of power {!a}
 G - an uncursed staff of death {unknown}
Jewellery
 e - an uncursed ring of protection from cold
 n - an amulet of guardian spirit (around neck)
 s - a ring of see invisible (right hand)
 v - an uncursed ring of protection from magic
 y - a cursed ring of loudness (left hand)
 C - an uncursed ring of positive energy
Wands
 j - a wand of acid (6)
 E - a wand of iceblast (4)
Scrolls
 k - 11 scrolls of identify
 p - 4 scrolls of magic mapping
 r - a scroll of teleportation
Potions
 d - 2 potions of curing
 i - 3 potions of brilliance
 u - a potion of lignification {unknown}
 x - a potion of haste
 z - a potion of berserk rage {unknown}
 B - a potion of ambrosia {unknown}
Books
 g - a book of Cantrips

   Spells                             Type                      Level
   a - Confusing Touch                Hexes                        1
   b - Animate Skeleton               Necromancy                   1
   c - Summon Small Mammal            Summoning                    1
   d - Apportation                    Translocation                1
Comestibles
 f - 12 rations
 F - 14 chunks of flesh {@*1}

Dungeon Overview and Level Annotations

Branches:
Dungeon (9/15)             Temple (1/1) D:4             Orc (0/2) D:9
   Lair: D:8-11

Altars:
Ashenzari
Cheibriados
Elyvilon
Fedhas
Makhleb
Okawaru
Qazlal
Ru
Sif Muna
Trog
Uskayaw
Vehumet
Wu Jian
The Shining One
Beogh

..#######.........#
..z....##.........#
..####............###
..# ####z..?........
..### #.........#
....## #.........#
###..########.#####
##.....### #..O.#
....8.....# ####9#
..........# #H#
........... #Y#
....>....8.


.YY ........... ..Y ..........# ..... ..^.8.....# ...>. ##.....### .......
.....### You could see a two-headed ogre, a hippogriff, 4 yaks and a wight.


Message History

The hippogriff barely misses you. You block the hippogriff's attack.
You hit the hippogriff.
The hippogriff looks as sick as possible!
The hippogriff is moderately wounded.
You hit the hippogriff.
The hippogriff looks as sick as possible!
The hippogriff is moderately wounded.
You hit the hippogriff.
The hippogriff looks as sick as possible!
The hippogriff is heavily wounded.
The hippogriff bites you.
* * * LOW HITPOINT WARNING * * *
The hippogriff barely misses you. You block the hippogriff's attack.
You whack the hippogriff!
The hippogriff is severely wounded.
You whack the hippogriff!
The hippogriff is almost dead.
A yak comes into view.
The yak bellows!
You hit the hippogriff but do no damage.
The hippogriff is almost dead.
The hippogriff bites you.
* * * LOW HITPOINT WARNING * * *
You block the hippogriff's attack.
The hippogriff claws you but does no damage.
You completely miss the hippogriff.
The hippogriff is almost dead.
You block the two-headed ogre's attack.
The two-headed ogre hits you with a giant spiked club!!
You die...

Action                   |  1- 3 |  4- 6 |  7- 9 | 10-12 || total
-------------------------+-------+-------+-------+-------++-------
Melee: Flail             |    34 |   170 |       |       ||   204
       Whip              |   151 |   391 |   574 |   199 ||  1315
Invok: Heroism           |       |       |       |     1 ||     1
  Use: Potion            |       |     5 |     5 |     2 ||    12
       Scroll            |       |       |     8 |     3 ||    11
  Eat: Chunk             |       |     9 |     7 |     5 ||    21
       Ration            |       |     1 |     4 |       ||     5
Armor: Scale mail        |    74 |       |       |       ||    74
       Ring mail         |    29 |   212 |   185 |    66 ||   492
Dodge: Dodged            |    64 |   164 |   118 |    57 ||   403
Block: Shield            |   102 |   206 |   198 |    78 ||   584

Vault maps used:
D:1:      giann_bridges, kennysheep_another_room, minmay_misc_feat_five,
          st_stairs_10
D:2:      minmay_wonky_spiral, grunt_temple_overflow_opulence,
          kennysheep_ying_yang, makhleb_grotto_becter
D:3:      eat_drink_and_be_merry_uskayaw, lemuel_doored_altar, led_sif_pool,
          cheibrodos_ashenzari_chains
D:4:      corexii_shantytown, fedhas_altar_fruit_tree, temple_green, uniq_robin
D:5:      kennysheep_little_box, first_ration, kennysheep_nub,
          amethyst_killhole, lightli_church_of_beogh, uniq_grinder,
          uniq_prince_ribbit1, uniq_duvessa
D:6:      lemuel_crystal_altar, tso_oasis_becter
D:9:      overflow_temple_1_default, david_orc_2, hangedman_ranch,
          grunt_ministairs_1, uniq_grum
Temple:   compressed_dpeg_triangle_lava_temple

Notes
Turn   | Place    | Note
-------+----------+-------------------------------------------
     0 | D:1      | Dracia the Gargoyle Fighter began the quest for the Orb.
     0 | D:1      | Reached XP level 1. HP: 14/14 MP: 1/1
    55 | D:1      | Reached XP level 2. HP: 12/19 MP: 2/2
   413 | D:1      | Reached skill level 3 in Maces & Flails
   422 | D:1      | Reached XP level 3. HP: 18/24 MP: 3/3
  1069 | D:1      | Reached skill level 4 in Fighting
  1069 | D:1      | Reached XP level 4. HP: 21/29 MP: 4/4
  1540 | D:2      | Found a white marble altar of Elyvilon.
  1835 | D:2      | Reached skill level 4 in Maces & Flails
  1920 | D:2      | Found a burning altar of Makhleb.
  2253 | D:3      | Noticed Tegun's ghost (amateur OgWz)
  2259 | D:3      | Gained mutation: Your body sometimes deteriorates upon taking damage. [potion of mutation]
  2259 | D:3      | Gained mutation: Your spells are a little harder to cast, but a little more powerful. [potion of mutation]
  2259 | D:3      | Gained mutation: You occasionally shout uncontrollably at your foes. [potion of mutation]
  2259 | D:3      | Gained mutation: You are agile. (Dex +2) [potion of mutation]
  2265 | D:3      | Killed Tegun's ghost
  2265 | D:3      | Reached XP level 5. HP: 11/34 MP: 1/5
  2648 | D:3      | Found a shattered altar of Ashenzari.
  2664 | D:3      | Found a hide-covered altar of Uskayaw.
  2782 | D:3      | Reached skill level 5 in Maces & Flails
  2782 | D:3      | Reached XP level 6. HP: 17/40 MP: 2/6
  3278 | D:3      | Found a bloodstained altar of Trog.
  3456 | D:3      | Found a deep blue altar of Sif Muna.
  3493 | D:4      | Noticed Robin
  3501 | D:3      | Reached skill level 5 in Fighting
  3674 | D:4      | Killed Robin
  4035 | D:4      | Reached skill level 6 in Maces & Flails
  4296 | D:4      | Reached XP level 7. HP: 43/44 MP: 7/7
  4377 | D:4      | Noticed Tegun's ghost (amateur DsFi)
  4408 | D:4      | HP: 1/44 [Tegun's ghost (8)]
  4772 | D:4      | Found a blossoming altar of Fedhas.
  4812 | D:4      | Killed Tegun's ghost
  5497 | D:4      | Reached skill level 6 in Fighting
  5566 | D:4      | Found a staircase to the Ecumenical Temple.
  5765 | Temple   | Entered the Ecumenical Temple
  5779 | Temple   | Became a worshipper of Warmaster Okawaru
  5820 | D:5      | Entered Level 5 of the Dungeon
  5852 | D:5      | Reached skill level 7 in Maces & Flails
  5992 | D:5      | Found an ornate altar of the Wu Jian Council.
  6147 | D:5      | Reached XP level 8. HP: 46/52 MP: 8/8
  6153 | D:5      | Noticed Grinder
  6155 | D:5      | Noticed Prince Ribbit
  6211 | D:5      | Killed Prince Ribbit
  6486 | D:5      | Paralysed by Grinder for 3 turns
  6496 | D:5      | Killed Grinder
  6496 | D:5      | Reached * piety under Okawaru
  6496 | D:5      | Reached skill level 7 in Fighting
  6496 | D:5      | Reached skill level 8 in Maces & Flails
  6713 | D:5      | Found a runed door.
  6833 | D:5      | Noticed Dowan
  6836 | D:5      | Noticed Duvessa
  6846 | D:5      | Killed Dowan
  6868 | D:5      | Killed Duvessa
  6868 | D:5      | Reached skill level 9 in Maces & Flails
  8094 | D:5      | Found a roughly hewn altar of Beogh.
  8210 | D:6      | Reached XP level 9. HP: 49/58 MP: 7/9
  8488 | D:6      | Found a glowing golden altar of the Shining One.
  8539 | D:6      | Reached ** piety under Okawaru
  8539 | D:6      | Reached skill level 8 in Fighting
  8812 | D:6      | Reached skill level 10 in Maces & Flails
  8975 | D:6      | Found a stormy altar of Qazlal.
 10919 | D:8      | Noticed a two-headed ogre
 10933 | D:8      | Reached skill level 9 in Fighting
 10968 | D:8      | Killed a two-headed ogre
 10968 | D:8      | Reached *** piety under Okawaru
 10968 | D:8      | Reached skill level 11 in Maces & Flails
 10968 | D:8      | Reached XP level 10. HP: 52/66 MP: 7/10
 11365 | D:8      | Reached **** piety under Okawaru
 12045 | D:9      | Found a staircase to the Orcish Mines.
 12073 | D:9      | Reached skill level 12 in Maces & Flails
 12099 | D:9      | Reached skill level 1 in Invocations
 12234 | D:9      | Noticed Grum
 12236 | D:9      | Noticed a two-headed ogre
 12254 | D:9      | Reached skill level 10 in Fighting
 12283 | D:9      | HP: 5/68 [two-headed ogre/giant club (7)]
 12303 | D:9      | Killed Grum
 12303 | D:9      | Reached skill level 2 in Invocations
 12323 | D:9      | HP: 5/68 [hippogriff (4)]
 12327 | D:9      | Demolished by a two-headed ogre

Vanquished Creatures
  A two-headed ogre (D:8)
  Prince Ribbit (D:5)
  Grinder (D:5)
  A hornet (D:8)
  2 hippogriffs
  The ghost of Tegun the Skirmisher, an amateur DsFi (D:4)
  Grum (D:9)
  Duvessa (D:5)
  3 orc warriors
  A black bear (D:9)
  An ice beast (D:9)
  The ghost of Tegun the Ogre Mage, an amateur OgWz (D:3)
  A phantom (D:7)
  5 ogres
  4 wolves (D:9)
  A centaur (D:5)
  3 bullfrogs
  Dowan (D:5)
  4 scorpions
  A howler monkey (D:7)
  4 crimson imps
  A bullfrog zombie (D:5)
  5 hounds
  2 jellies
  5 orc wizards
  A bullfrog skeleton (D:4)
  2 orc priests
  An iguana (D:7)
  5 worker ants
  Robin (D:4)
  2 howler monkey skeletons (D:5)
  5 adders
  8 gnolls
  A shadow imp (D:9)
  4 oozes
  An adder zombie (D:9)
  2 adder skeletons
  2 worms (D:2)
  2 dart slugs (D:1)
  5 leopard geckos
  47 orcs
  7 bats
  6 giant cockroaches
  22 goblins
  13 hobgoblins
  7 jackals
  3 quokkas
  2 ball pythons
  3 frilled lizards
  2 jackal zombies (D:7)
  16 kobolds
  A quokka skeleton (D:5)
  13 rats
236 creatures vanquished.
